[Event "FICS rated blitz game"]
[Site "FICS freechess.org"]
[FICSGamesDBGameNo "20000645"]
[White "Montpellier"]
[Black "fresh"]
[WhiteElo "1577"]
[BlackElo "1647"]
[WhiteRD "na"]
[BlackRD "na"]
[TimeControl "180+0"]
[Date "1999.05.19"]
[Time "15:17:00"]
[WhiteClock "0:03:00.000"]
[BlackClock "0:03:00.000"]
[ECO "D02"]
[PlyCount "100"]
[Result "0-1"]

1. d4 d5 2. Nf3 Nf6 3. Bf4 Bf5 4. e3 e6 5. Nbd2 Bd6 6. Ne5 Bxe5 7. dxe5 Ne4 8. Be2 Nxd2 9. Qxd2 O-O 10. h3 Nd7 11. O-O h6 12. c3 c5 13. Rad1 Rc8 14. g4 Be4 15. f3 Bg6 16. Bg3 c4 17. f4 Be4 18. Bf3 Bxf3 19. Rxf3 Nc5 20. Rdf1 Ne4 21. Qg2 Qa5 22. a3 Qb6 23. f5 a6 24. f6 Ng5 25. fxg7 Nxf3+ 26. Qxf3 Kxg7 27. Qf6+ Kh7 28. Bf4 Rh8 29. Qxh6+ Kg8 30. Qf6 Qd8 31. Qg5+ Qxg5 32. Bxg5 Rxh3 33. Kg2 Rh7 34. Bf6 b5 35. g5 Kf8 36. Rg1 Ke8 37. Kf2 Kd7 38. Ke1 Rg8 39. Kd1 Rh5 40. Kc1 Rg6 41. Rf1 Rh2 42. Rg1 Re2 43. Rg3 Rf2 44. Rh3 Rfxf6 45. exf6 Rxg5 46. Rh8 Rg6 47. Ra8 Rxf6 48. Rxa6 Rf1+ 49. Kd2 Rf2+ 50. Ke1 Rxb2 {White forfeits on time} 0-1

[Event "FICS rated lightning game"]
[Site "FICS freechess.org"]
[FICSGamesDBGameNo "20000643"]
[White "barchi"]
[Black "BMGXS"]
[WhiteElo "1663"]
[BlackElo "1633"]
[WhiteRD "na"]
[BlackRD "na"]
[TimeControl "60+0"]
[Date "1999.05.19"]
[Time "14:03:00"]
[WhiteClock "0:01:00.000"]
[BlackClock "0:01:00.000"]
[ECO "A57"]
[PlyCount "73"]
[Result "1-0"]

1. d4 c5 2. c4 Nf6 3. d5 b5 4. Nc3 Bb7 5. e4 a6 6. Bd3 d6 7. Nf3 g6 8. O-O Bg7 9. Bg5 O-O 10. Qc2 bxc4 11. Bxc4 Nbd7 12. Bd3 Qc7 13. Rae1 Rfb8 14. b3 Bc8 15. Bc4 Ne5 16. Nxe5 dxe5 17. f4 Bg4 18. fxe5 Qxe5 19. Bf4 Qxe4 20. Nxe4 Nxe4 21. Qxe4 Re8 22. Bd6 Bf5 23. Qe2 exd6 24. Qxe8+ Rxe8 25. Rxe8+ Bf8 26. Rfe1 Bd7 27. R8e2 Kg7 28. a3 Kg8 29. Bxa6 Bg7 30. Bc4 Bf5 31. a4 h5 32. Re8+ Kh7 33. a5 Bc3 34. Ra1 Bxa1 35. a6 Bc3 36. a7 Bd4+ 37. Kf1 {Black forfeits on time} 1-0

[Event "FICS rated blitz game"]
[Site "FICS freechess.org"]
[FICSGamesDBGameNo "20000642"]
[White "Atlan"]
[Black "glomb"]
[WhiteElo "1555"]
[BlackElo "1742"]
[WhiteRD "na"]
[BlackRD "na"]
[TimeControl "120+12"]
[Date "1999.05.19"]
[Time "10:16:00"]
[WhiteClock "0:02:00.000"]
[BlackClock "0:02:00.000"]
[ECO "A25"]
[PlyCount "129"]
[Result "1-0"]

1. c4 e5 2. Nc3 f5 3. d3 Nf6 4. g3 Nc6 5. Bg2 Nd4 6. Nf3 Nxf3+ 7. Bxf3 c6 8. Bg5 Be7 9. O-O O-O 10. Bg2 d6 11. a3 Be6 12. b4 Qd7 13. Rb1 h6 14. Bd2 f4 15. b5 Bh3 16. bxc6 bxc6 17. Rb2 Bxg2 18. Kxg2 Qg4 19. h3 Qg6 20. Qb1 Nh5 21. g4 Qg5 22. f3 Qh4 23. Be1 Qg5 24. h4 Qg6 25. Kh3 Nf6 26. h5 Qf7 27. Rb7 Nh7 28. Bh4 Ng5+ 29. Bxg5 hxg5 30. Ne4 Qe6 31. Qb4 Rf7 32. Rb8+ Rxb8 33. Qxb8+ Kh7 34. Qxa7 d5 35. cxd5 cxd5 36. Nc5 Bxc5 37. Qxc5 e4 38. dxe4 dxe4 39. Qxg5 exf3 40. exf3 Rf6 41. a4 Qe2 42. Qb5 Re6 43. g5 Re5 44. Qxe2 Rxe2 45. Ra1 Rf2 46. Kg4 g6 47. hxg6+ Kxg6 48. Kxf4 Rb2 49. a5 Rb4+ 50. Kg3 Kxg5 51. a6 Rb8 52. a7 Ra8 53. f4+ Kf5 54. Kf3 Ke6 55. Ke4 Kd7 56. f5 Kc7 57. Ke5 Kb7 58. f6 Re8+ 59. Kd6 Ka8 60. Kd7 Re2 61. f7 Rd2+ 62. Ke7 Re2+ 63. Kf8 Re3 64. Rg1 Kxa7 65. Kg8 {Black resigns} 1-0

[Event "FICS rated blitz game"]
[Site "FICS freechess.org"]
[FICSGamesDBGameNo "20000641"]
[White "PSChong"]
[Black "Terniaku(FM)"]
[WhiteElo "1775"]
[BlackElo "2022"]
[WhiteRD "na"]
[BlackRD "na"]
[TimeControl "180+0"]
[Date "1999.05.19"]
[Time "09:56:00"]
[WhiteClock "0:03:00.000"]
[BlackClock "0:03:00.000"]
[ECO "D00"]
[PlyCount "200"]
[Result "0-1"]

1. d4 d5 2. Nc3 c6 3. Nf3 Bf5 4. g3 Nf6 5. Bg2 e6 6. O-O h6 7. Re1 Bd6 8. Nh4 Bh7 9. e4 dxe4 10. Nxe4 Nxe4 11. Bxe4 Bxe4 12. Rxe4 Nd7 13. c3 O-O 14. Re1 c5 15. Qf3 cxd4 16. cxd4 Qb6 17. Be3 Rac8 18. Ng2 Qc6 19. Qe2 Qc2 20. Rac1 Qxe2 21. Rxe2 Rxc1+ 22. Bxc1 Rc8 23. Be3 Nf6 24. Nf4 Bxf4 25. Bxf4 Nd5 26. Be5 Kf8 27. Bd6+ Ke8 28. a3 Kd7 29. Be5 f6 30. Bf4 Nxf4 31. gxf4 Kd6 32. Kg2 Kd5 33. f5 Rc6 34. fxe6 Rxe6 35. Rc2 Re7 36. Rd2 Re4 37. Rc2 Re7 38. Rd2 g5 39. Kf3 f5 40. Rc2 Kxd4 41. b4 a6 42. Rc5 f4 43. Rf5 Kc4 44. Rf6 Rh7 45. h4 gxh4 46. Rxf4+ Kb3 47. Rxh4 Kxa3 48. Ke3 b5 49. Kd3 Ka4 50. Kc3 Rc7+ 51. Kd3 Rf7 52. Rxh6 Rxf2 53. Rxa6+ Kxb4 54. Rb6 Rb2 55. Rb8 Ka4 56. Kc3 Rb3+ 57. Kc2 Ka3 58. Ra8+ Kb4 59. Rb8 Rc3+ 60. Kb2 Rg3 61. Kc2 Rg2+ 62. Kb1 Kc4 63. Rc8+ Kb3 64. Kc1 Rg1+ 65. Kd2 b4 66. Rb8 Ka3 67. Kc2 Rg2+ 68. Kc1 Rg1+ 69. Kc2 Rg2+ 70. Kc1 Kb3 71. Rb7 Rg1+ 72. Kd2 Rg4 73. Kc1 Rg1+ 74. Kd2 Rg2+ 75. Kc1 Ka3 76. Ra7+ Kb3 77. Rb7 Rc2+ 78. Kb1 Rh2 79. Kc1 Rh1+ 80. Kd2 Ka3 81. Ra7+ Kb2 82. Rb7 b3 83. Rb6 Rh8 84. Kd1 Rd8+ 85. Ke2 Kc2 86. Rc6+ Kb1 87. Rb6 b2 88. Ra6 Rd4 89. Rc6 Ka2 90. Ra6+ Kb3 91. Rb6+ Rb4 92. Rxb4+ Kxb4 93. Ke3 b1=Q 94. Kd4 Qe1 95. Kd5 Qe3 96. Kd6 Qe4 97. Kd7 Qg6 98. Ke7 Kc5 99. Kd7 Qf7+ 100. Kd8 Kc6 {White resigns} 0-1

[Event "FICS rated blitz game"]
[Site "FICS freechess.org"]
[FICSGamesDBGameNo "20000640"]
[White "Troisvierges"]
[Black "psn"]
[WhiteElo "1806"]
[BlackElo "1281"]
[WhiteRD "na"]
[BlackRD "na"]
[TimeControl "240+0"]
[Date "1999.05.19"]
[Time "07:29:00"]
[WhiteClock "0:04:00.000"]
[BlackClock "0:04:00.000"]
[ECO "C30"]
[PlyCount "91"]
[Result "1-0"]

1. e4 e5 2. f4 Qh4+ 3. g3 Qf6 4. Nc3 exf4 5. d4 fxg3 6. hxg3 c5 7. Nd5 Qc6 8. Bf4 Na6 9. Bxa6 Kd8 10. Bd3 f5 11. exf5 Qxd5 12. Nf3 cxd4 13. Qe2 Nf6 14. Bc4 Qa5+ 15. Qd2 Bb4 16. c3 Re8+ 17. Kf1 dxc3 18. Qd3 cxb2 19. Rb1 Ba3 20. Ne5 Ng4 21. Nxg4 b5 22. Bd5 Rb8 23. Bxb8 d6 24. Rxh7 Bc5 25. Rxg7 Ba6 26. Bc7+ Qxc7 27. Rxc7 Kxc7 28. Rxb2 Kb6 29. a4 b4 30. Qxa6+ Kxa6 31. f6 Bd4 32. f7 Rf8 33. Rd2 Be5 34. Nxe5 dxe5 35. Be6 b3 36. Bxb3 Ka5 37. Re2 Kb4 38. Be6 Kxa4 39. Rxe5 Kb4 40. Rg5 a5 41. Rg8 Rxf7+ 42. Bxf7 a4 43. Ra8 Kb5 44. g4 Kb4 45. g5 a3 46. g6 {Black forfeits on time} 1-0

[Event "FICS rated blitz game"]
[Site "FICS freechess.org"]
[FICSGamesDBGameNo "20000639"]
[White "Jay"]
[Black "MrBalboa"]
[WhiteElo "1969"]
[BlackElo "2021"]
[WhiteRD "na"]
[BlackRD "na"]
[TimeControl "180+0"]
[Date "1999.05.18"]
[Time "22:49:00"]
[WhiteClock "0:03:00.000"]
[BlackClock "0:03:00.000"]
[ECO "B20"]
[PlyCount "135"]
[Result "1-0"]

1. e4 c5 2. g3 d6 3. Bg2 e5 4. d3 g6 5. f4 Bg7 6. Nf3 Nc6 7. c3 Nge7 8. O-O O-O 9. Na3 Kh8 10. Nc2 d5 11. exd5 Nxd5 12. fxe5 Nxe5 13. Nxe5 Bxe5 14. d4 cxd4 15. Nxd4 Bg7 16. Qf3 Nb6 17. Bf4 Nc4 18. Rf2 Qb6 19. b3 Ne5 20. Bxe5 Bxe5 21. Rd1 h5 22. Qd5 Bxd4 23. Qxd4+ Qxd4 24. Rxd4 Rb8 25. Rdf4 Be6 26. Rd2 Kg7 27. Bd5 Rfd8 28. Rfd4 Bxd5 29. Rxd5 Rxd5 30. Rxd5 Rc8 31. c4 Rc7 32. Kf2 Kf6 33. Ke3 Ke6 34. Ke4 a6 35. Kd4 Rc6 36. b4 f5 37. a3 g5 38. c5 Rc7 39. Rd6+ Kf7 40. Ke5 f4 41. gxf4 gxf4 42. Kxf4 Re7 43. Kg5 Re5+ 44. Kh4 Ke7 45. Rb6 Re2 46. h3 Re3 47. Rxb7+ Kd8 48. a4 Ra3 49. b5 Rxa4+ 50. Kxh5 Rc4 51. bxa6 Kc8 52. Rb5 Ra4 53. Rb6 Ra5 54. Rc6+ Kd7 55. Rd6+ Kc7 56. Rd5 Rxa6 57. Kg5 Re6 58. h4 Re1 59. h5 Rg1+ 60. Kf6 Kc6 61. Rf5 Rh1 62. Kg6 Kd7 63. h6 Ke6 64. Rf6+ Ke7 65. c6 Rg1+ 66. Kf5 Rf1+ 67. Ke5 Rxf6 68. h7 {Black forfeits on time} 1-0

[Event "FICS rated blitz game"]
[Site "FICS freechess.org"]
[FICSGamesDBGameNo "20000638"]
[White "dah"]
[Black "ijk"]
[WhiteElo "1605"]
[BlackElo "1596"]
[WhiteRD "na"]
[BlackRD "na"]
[TimeControl "120+12"]
[Date "1999.05.18"]
[Time "15:57:00"]
[WhiteClock "0:02:00.000"]
[BlackClock "0:02:00.000"]
[ECO "E12"]
[PlyCount "67"]
[Result "1-0"]

1. d4 Nf6 2. c4 e6 3. Nf3 b6 4. Bf4 Bb7 5. e3 Bb4+ 6. Nbd2 O-O 7. a3 Be7 8. Bd3 c5 9. O-O cxd4 10. Nxd4 d6 11. h3 e5 12. Bg3 exd4 13. exd4 d5 14. Re1 dxc4 15. Nxc4 Re8 16. Ne5 Nc6 17. Rc1 Nxd4 18. Bc4 Ne6 19. Nxf7 Qxd1 20. Rcxd1 Kxf7 21. Rxe6 Kf8 22. Bd6 Bxd6 23. Rexd6 Ne4 24. Rd7 b5 25. Rf7+ Kg8 26. Bb3 Nc5 27. Ba2 Kh8 28. Rdd7 Re1+ 29. Kh2 Ra1 30. Rxg7 Rxa2 31. Rxh7+ Kg8 32. Rdg7+ Kf8 33. Rc7 Rxb2 34. Rh8# {Black checkmated} 1-0

[Event "FICS rated blitz game"]
[Site "FICS freechess.org"]
[FICSGamesDBGameNo "20000637"]
[White "bigboss"]
[Black "drury"]
[WhiteElo "1604"]
[BlackElo "1740"]
[WhiteRD "na"]
[BlackRD "na"]
[TimeControl "180+0"]
[Date "1999.05.18"]
[Time "10:36:00"]
[WhiteClock "0:03:00.000"]
[BlackClock "0:03:00.000"]
[ECO "E76"]
[PlyCount "80"]
[Result "0-1"]

1. d4 Nf6 2. c4 g6 3. Nc3 Bg7 4. e4 d6 5. f4 O-O 6. Nf3 Na6 7. a3 e5 8. dxe5 dxe5 9. Qxd8 Rxd8 10. Nxe5 Nc5 11. b4 Ncxe4 12. Bb2 Be6 13. Be2 Rd2 14. Rb1 Rad8 15. Bf3 Nxc3 16. Bxc3 R2d6 17. O-O Nd7 18. c5 Ra6 19. Ra1 c6 20. Be2 b5 21. Rfd1 Bf6 22. Nxd7 Bxc3 23. Rac1 Bb2 24. Rc2 Bxa3 25. Nf6+ Kg7 26. Rxd8 Kxf6 27. h3 Bxb4 28. g4 Ke7 29. Rh8 Ra3 30. Kg2 Bd5+ 31. Kh2 a5 32. Rxh7 Ra1 33. Bd3 Rh1+ 34. Kg3 Rg1+ 35. Kf2 Rh1 36. Bxg6 Rh2+ 37. Kg3 Rxc2 38. Bxc2 Bxc5 39. g5 a4 40. g6 a3 {White forfeits on time} 0-1

[Event "FICS rated blitz game"]
[Site "FICS freechess.org"]
[FICSGamesDBGameNo "20000636"]
[White "Elmerson"]
[Black "DexterLab"]
[WhiteElo "1498"]
[BlackElo "1352"]
[WhiteRD "na"]
[BlackRD "na"]
[TimeControl "180+0"]
[Date "1999.05.18"]
[Time "09:43:00"]
[WhiteClock "0:03:00.000"]
[BlackClock "0:03:00.000"]
[ECO "A00"]
[PlyCount "122"]
[Result "0-1"]

1. e3 e5 2. g3 d6 3. Bg2 Nf6 4. Nc3 Be7 5. Nge2 O-O 6. O-O Bg4 7. Qe1 d5 8. d4 exd4 9. Nxd4 c5 10. Nf3 Bxf3 11. Bxf3 a6 12. Ne2 b5 13. b3 c4 14. Bb2 cxb3 15. cxb3 Ne4 16. Rc1 Nd7 17. Nc3 Nxc3 18. Rxc3 Rc8 19. Qd2 Bb4 20. Rxc8 Bxd2 21. Rxd8 Rxd8 22. Bxd5 Nf6 23. Bg2 Ng4 24. Rd1 h6 25. Bc3 Nxe3 26. fxe3 Bxe3+ 27. Kf1 Rxd1+ 28. Ke2 Rg1 29. Bb7 Bg5 30. Bxa6 Rh1 31. Kd3 Rxh2 32. Be5 Rxa2 33. Bxb5 Rd2+ 34. Ke4 Rd1 35. Bc4 g6 36. Bd4 Re1+ 37. Kd5 h5 38. b4 h4 39. gxh4 Bxh4 40. b5 f5 41. b6 Bg3 42. b7 g5 43. Kc5+ Kh7 44. Bf6 Kh6 45. Bd8 f4 46. Bb6 f3 47. Kb4 Rb1+ 48. Kc3 Rxb6 49. Bd3 Rxb7 50. Kd2 Rd7 51. Ke3 f2 52. Bf1 Rd1 53. Kf3 Rxf1 54. Kg2 Rc1 55. Kxg3 f1=Q 56. Kg4 Qf4+ 57. Kh3 Rh1+ 58. Kg2 Rh4 59. Kg1 Rg4+ 60. Kh1 Qf3+ 61. Kh2 Qg3+ {White forfeits on time} 0-1

[Event "FICS rated blitz game"]
[Site "FICS freechess.org"]
[FICSGamesDBGameNo "20000635"]
[White "muchacho"]
[Black "PapaMisha"]
[WhiteElo "1378"]
[BlackElo "1684"]
[WhiteRD "na"]
[BlackRD "na"]
[TimeControl "120+6"]
[Date "1999.05.18"]
[Time "09:04:00"]
[WhiteClock "0:02:00.000"]
[BlackClock "0:02:00.000"]
[ECO "E61"]
[PlyCount "38"]
[Result "0-1"]

1. d4 Nf6 2. c4 g6 3. Nc3 Bg7 4. b3 d5 5. e3 O-O 6. Bb2 c5 7. dxc5 Qa5 8. Qd2 dxc4 9. Bxc4 Nc6 10. Nge2 Rd8 11. Qc2 Bf5 12. Qc1 Ne4 13. O-O Nd2 14. Rd1 Nxc4 15. bxc4 Rxd1+ 16. Qxd1 Qxc5 17. Na4 Qxc4 18. Bxg7 Kxg7 19. Nec3 Rd8 {White forfeits on time} 0-1

[Event "FICS rated blitz game"]
[Site "FICS freechess.org"]
[FICSGamesDBGameNo "20000634"]
[White "Montpellier"]
[Black "Marsel"]
[WhiteElo "1585"]
[BlackElo "1395"]
[WhiteRD "na"]
[BlackRD "na"]
[TimeControl "180+0"]
[Date "1999.05.18"]
[Time "06:37:00"]
[WhiteClock "0:03:00.000"]
[BlackClock "0:03:00.000"]
[ECO "D02"]
[PlyCount "66"]
[Result "0-1"]

1. d4 Nf6 2. Nf3 d5 3. Bf4 g6 4. e3 Bg7 5. h3 O-O 6. Nbd2 c6 7. Be2 Nbd7 8. O-O Re8 9. Ne5 Nxe5 10. dxe5 Nd7 11. Nf3 e6 12. c3 Qc7 13. Qb3 Nc5 14. Qc2 Ne4 15. Bd3 Nc5 16. Rad1 Nd7 17. c4 Bxe5 18. Bxe5 Nxe5 19. Nxe5 Qxe5 20. cxd5 exd5 21. Qb3 Re7 22. Rfe1 Bf5 23. e4 dxe4 24. Rd2 Qd5 25. Red1 Qxb3 26. axb3 exd3 27. Kh1 Rae8 28. g4 Be4+ 29. Kh2 Bf3 30. Rc1 Be2 31. Rc3 Re4 32. b4 Rf4 33. Kg3 g5 {White forfeits on time} 0-1

[Event "FICS rated blitz game"]
[Site "FICS freechess.org"]
[FICSGamesDBGameNo "20000633"]
[White "Judith"]
[Black "agress"]
[WhiteElo "1245"]
[BlackElo "1197"]
[WhiteRD "na"]
[BlackRD "na"]
[TimeControl "120+12"]
[Date "1999.05.18"]
[Time "02:10:00"]
[WhiteClock "0:02:00.000"]
[BlackClock "0:02:00.000"]
[ECO "C41"]
[PlyCount "77"]
[Result "1-0"]

1. e4 e5 2. Nf3 d6 3. h3 c6 4. c3 Be7 5. Bc4 Nf6 6. O-O O-O 7. Re1 b5 8. Bb3 Nbd7 9. d4 c5 10. dxe5 dxe5 11. c4 Qb6 12. cxb5 Qxb5 13. Bc2 Bb7 14. b3 Rad8 15. Bb2 Nb6 16. Nc3 Qa5 17. Qe2 Ba6 18. Qe3 c4 19. Rad1 cxb3 20. Bxb3 Bc5 21. Qc1 Rxd1 22. Qxd1 Nc4 23. Qc2 Nxb2 24. Qxb2 Bb4 25. Rc1 Bxc3 26. Qxc3 Qb6 27. Re1 Rc8 28. Qxe5 Qb4 29. Qb2 Kh8 30. e5 Nd5 31. Rd1 Nc3 32. Qd2 Ne2+ 33. Kh2 Qb8 34. Bxf7 Rf8 35. Qd6 Qa8 36. e6 Bc4 37. e7 Rxf7 38. Qd8+ Qxd8 39. exd8=Q+ {Black resigns} 1-0

[Event "FICS rated blitz game"]
[Site "FICS freechess.org"]
[FICSGamesDBGameNo "20000632"]
[White "AlexBaban"]
[Black "Leolin"]
[WhiteElo "1704"]
[BlackElo "1653"]
[WhiteRD "na"]
[BlackRD "na"]
[TimeControl "300+3"]
[Date "1999.05.18"]
[Time "01:41:00"]
[WhiteClock "0:05:00.000"]
[BlackClock "0:05:00.000"]
[ECO "C15"]
[PlyCount "63"]
[Result "1-0"]

1. e4 e6 2. d4 d5 3. Nc3 Bb4 4. a3 Bxc3+ 5. bxc3 dxe4 6. Qg4 Nf6 7. Qxg7 Rg8 8. Qh6 Rg6 9. Qe3 b6 10. g3 Bb7 11. Bg2 Nbd7 12. Ne2 c5 13. O-O cxd4 14. cxd4 Qc7 15. Nf4 Ng4 16. Qe2 Rg8 17. Bxe4 Ndf6 18. Bxb7 Qxb7 19. d5 Nxd5 20. Nxe6 Qe7 21. Qb5+ Qd7 22. Qxd5 Qxd5 23. Nc7+ Kd7 24. Nxd5 Rac8 25. Bf4 Rg6 26. Rad1 Ke8 27. h3 Nf6 28. Rfe1+ Kf8 29. Bd6+ Kg7 30. Be5 Rxc2 31. Nxf6 Rxf6 32. Rd6 {Black resigns} 1-0

[Event "FICS rated lightning game"]
[Site "FICS freechess.org"]
[FICSGamesDBGameNo "20000631"]
[White "tps"]
[Black "fester"]
[WhiteElo "1877"]
[BlackElo "1814"]
[WhiteRD "na"]
[BlackRD "na"]
[TimeControl "60+0"]
[Date "1999.05.17"]
[Time "16:27:00"]
[WhiteClock "0:01:00.000"]
[BlackClock "0:01:00.000"]
[ECO "D35"]
[PlyCount "39"]
[Result "1-0"]

1. d4 Nf6 2. c4 e6 3. Nc3 d5 4. Bg5 c6 5. e3 Nbd7 6. cxd5 exd5 7. Nf3 Bd6 8. Rc1 O-O 9. Bd3 Re8 10. Bxf6 Nxf6 11. O-O Ne4 12. Ne5 Bxe5 13. dxe5 Rxe5 14. Bxe4 Bg4 15. f3 dxe4 16. Qxd8+ Rxd8 17. fxg4 Rd2 18. Rcd1 Rxb2 19. Rd8+ Re8 20. Rxe8# {Black checkmated} 1-0

[Event "FICS rated lightning game"]
[Site "FICS freechess.org"]
[FICSGamesDBGameNo "20000630"]
[White "buris"]
[Black "kicker"]
[WhiteElo "1707"]
[BlackElo "1817"]
[WhiteRD "na"]
[BlackRD "na"]
[TimeControl "120+0"]
[Date "1999.05.17"]
[Time "15:25:00"]
[WhiteClock "0:02:00.000"]
[BlackClock "0:02:00.000"]
[ECO "D52"]
[PlyCount "64"]
[Result "1-0"]

1. d4 Nf6 2. c4 e6 3. Nc3 d5 4. Bg5 Nbd7 5. e3 c6 6. Nf3 Qa5 7. Nd2 h6 8. Bxf6 Nxf6 9. Bd3 dxc4 10. Nxc4 Qc7 11. O-O Be7 12. Rc1 O-O 13. Qc2 a6 14. a4 c5 15. dxc5 Qxc5 16. Ne4 Nxe4 17. Bxe4 Qh5 18. a5 f5 19. Bf3 Qe8 20. Nb6 Rb8 21. Nxc8 Rxc8 22. Qxc8 Qxc8 23. Rxc8 Rxc8 24. Bxb7 Rc2 25. Bxa6 Rxb2 26. Bc4 Kf7 27. a6 Bc5 28. Rc1 Ba7 29. g3 Kf6 30. Kg2 Rb8 31. Rd1 Rc8 32. Be2 Rc6 {Black resigns} 1-0

[Event "FICS rated blitz game"]
[Site "FICS freechess.org"]
[FICSGamesDBGameNo "20000629"]
[White "BoneCrusher"]
[Black "vinoo"]
[WhiteElo "1318"]
[BlackElo "1406"]
[WhiteRD "na"]
[BlackRD "na"]
[TimeControl "300+3"]
[Date "1999.05.17"]
[Time "14:37:00"]
[WhiteClock "0:05:00.000"]
[BlackClock "0:05:00.000"]
[ECO "B53"]
[PlyCount "43"]
[Result "1-0"]

1. e4 c5 2. Nf3 d6 3. d4 cxd4 4. Qxd4 Nc6 5. Qd5 Nf6 6. Qb5 Nxe4 7. Bc4 a6 8. Qd5 Be6 9. Qxe4 d5 10. Bxd5 Bxd5 11. Qf4 Qd7 12. Nc3 Rd8 13. Ne5 Nxe5 14. Qxe5 Bxg2 15. Rg1 Qc6 16. Be3 e6 17. Rd1 Rxd1+ 18. Nxd1 Qd7 19. Qb8+ Ke7 20. Bc5+ Kf6 21. Bxf8 Bf3 22. Qf4# {Black checkmated} 1-0

[Event "FICS rated blitz game"]
[Site "FICS freechess.org"]
[FICSGamesDBGameNo "20000628"]
[White "Checkout"]
[Black "EvilCat"]
[WhiteElo "1548"]
[BlackElo "1477"]
[WhiteRD "na"]
[BlackRD "na"]
[TimeControl "120+12"]
[Date "1999.05.17"]
[Time "13:56:00"]
[WhiteClock "0:02:00.000"]
[BlackClock "0:02:00.000"]
[ECO "C45"]
[PlyCount "147"]
[Result "1-0"]

1. e4 e5 2. Nf3 Nc6 3. d4 exd4 4. Nxd4 d6 5. Be3 Be7 6. Be2 Nf6 7. Nd2 O-O 8. O-O Be6 9. Nxe6 fxe6 10. c3 Nd7 11. Qb3 d5 12. exd5 exd5 13. Qxd5+ Kh8 14. Bb5 Nf6 15. Qxd8 Nxd8 16. Bc4 Nc6 17. Nf3 Bd6 18. h3 Ne4 19. Bd5 Rae8 20. Bxc6 bxc6 21. Nd4 c5 22. Nb5 a6 23. Na3 Kg8 24. Nc4 h6 25. Rae1 Bf4 26. Bxf4 Rxf4 27. Nd2 Nd6 28. Rxe8+ Nxe8 29. Re1 Nd6 30. Re7 Rf7 31. Rxf7 Kxf7 32. f3 Ke6 33. Kf2 Ke5 34. Nb3 c4 35. Nd4 g5 36. Ke3 Kd5 37. g4 c5 38. Ne2 Nf7 39. Ng3 Ne5 40. Nf5 Nd3 41. b3 Nf4 42. Nxh6 cxb3 43. axb3 Nxh3 44. Nf7 Ke6 45. Nd8+ Ke5 46. Nb7 Kd5 47. c4+ Kc6 48. Nd8+ Kd7 49. Nf7 Ke6 50. Nh6 Kf6 51. Nf5 Ke5 52. Ng3 Nf4 53. Ne4 Ne6 54. Nd2 a5 55. Ne4 Nd4 56. Nxc5 Nc2+ 57. Kd2 Nb4 58. Nb7 Nc6 59. Ke3 Ke6 60. f4 gxf4+ 61. Kxf4 Kf6 62. g5+ Kg6 63. Nc5 Nd4 64. Ke4 Nc6 65. Kf4 Nd4 66. Ke5 Nf3+ 67. Kd6 Kxg5 68. Kc6 Nd4+ 69. Kb6 Nxb3 70. Nxb3 a4 71. Nc1 Kf5 72. c5 Ke6 73. c6 Ke7 74. Kb7 {Black resigns} 1-0

[Event "FICS rated blitz game"]
[Site "FICS freechess.org"]
[FICSGamesDBGameNo "20000627"]
[White "Kajus"]
[Black "Wiehl"]
[WhiteElo "1309"]
[BlackElo "1768"]
[WhiteRD "na"]
[BlackRD "na"]
[TimeControl "120+10"]
[Date "1999.05.17"]
[Time "13:49:00"]
[WhiteClock "0:02:00.000"]
[BlackClock "0:02:00.000"]
[ECO "B01"]
[PlyCount "112"]
[Result "1/2-1/2"]

1. e4 d5 2. exd5 Qxd5 3. Nc3 Qa5 4. Nf3 c6 5. d4 Nf6 6. Bd2 Qc7 7. Bc4 Bf5 8. O-O e6 9. Re1 Be7 10. Bg5 Nbd7 11. Qd2 O-O-O 12. a4 h6 13. Bh4 g5 14. Bg3 Bd6 15. Bxd6 Qxd6 16. Ne5 Qe7 17. b4 Nxe5 18. Rxe5 Qxb4 19. Rxf5 exf5 20. Bxf7 Qxd4 21. Qxd4 Rxd4 22. a5 f4 23. a6 b6 24. Be6+ Kc7 25. Bf5 Rhd8 26. Kf1 Nd5 27. Nxd5+ R4xd5 28. Bg4 Re5 29. Re1 Rxe1+ 30. Kxe1 Rd5 31. Be2 Ra5 32. g3 fxg3 33. hxg3 b5 34. f4 gxf4 35. gxf4 Rxa6 36. Kd2 Ra4 37. f5 Rf4 38. Bd3 a5 39. Ke3 Rg4 40. f6 Kd7 41. Bf5+ Ke8 42. Bxg4 Kf7 43. Bd7 Kxf6 44. Bxc6 b4 45. Kd4 Ke6 46. Kc5 Ke5 47. Kc4 h5 48. Kb5 Kd4 49. Kxa5 Kc3 50. Be4 h4 51. Kb5 h3 52. Kc5 h2 53. Bh1 Kxc2 54. Kxb4 Kd2 55. Kc4 Ke1 56. Kd3 Kf2 {Game drawn by mutual agreement} 1/2-1/2

[Event "FICS rated lightning game"]
[Site "FICS freechess.org"]
[FICSGamesDBGameNo "20000625"]
[White "Gilun"]
[Black "Silvia"]
[WhiteElo "1816"]
[BlackElo "1937"]
[WhiteRD "na"]
[BlackRD "na"]
[TimeControl "60+0"]
[Date "1999.05.16"]
[Time "17:26:00"]
[WhiteClock "0:01:00.000"]
[BlackClock "0:01:00.000"]
[ECO "A45"]
[PlyCount "68"]
[Result "0-1"]

1. d4 Nf6 2. Bg5 Nd5 3. Bf4 Nxf4 4. Qd2 Ng6 5. c4 d5 6. Nc3 dxc4 7. e4 e6 8. Bxc4 Bb4 9. Nf3 O-O 10. O-O Nc6 11. Rfd1 Qe7 12. Bd3 Bxc3 13. bxc3 Bd7 14. e5 Rfd8 15. Ng5 h6 16. Ne4 Be8 17. Qe3 a6 18. Ng3 Rd7 19. Rab1 b6 20. Qe4 Qg5 21. Qxc6 Qd8 22. Qxa8 Qxa8 23. Bxg6 fxg6 24. Ne4 Rf7 25. Ng3 Bc6 26. f3 h5 27. c4 h4 28. Ne2 Bxf3 29. gxf3 Qxf3 30. Nc1 Qf2+ 31. Kh1 Qf3+ 32. Kg1 Qxd1+ 33. Kg2 Qf3+ 34. Kg1 Qf1# {White checkmated} 0-1

[Event "FICS rated blitz game"]
[Site "FICS freechess.org"]
[FICSGamesDBGameNo "20000624"]
[White "Brx"]
[Black "Kostan"]
[WhiteElo "1268"]
[BlackElo "1133"]
[WhiteRD "na"]
[BlackRD "na"]
[TimeControl "480+10"]
[Date "1999.05.16"]
[Time "15:12:00"]
[WhiteClock "0:08:00.000"]
[BlackClock "0:08:00.000"]
[ECO "D06"]
[PlyCount "84"]
[Result "1-0"]

1. d4 d5 2. c4 Nf6 3. cxd5 Nxd5 4. Nf3 g6 5. e4 Nb6 6. h3 Bg7 7. Nc3 O-O 8. Be3 Re8 9. Be2 Nc6 10. O-O Be6 11. d5 Bxh3 12. dxc6 Bc8 13. Qxd8 Rxd8 14. Rad1 Rxd1 15. Rxd1 bxc6 16. Rd8+ Bf8 17. Bh6 Bd7 18. Rxa8 Nxa8 19. Bf4 Bg7 20. Na4 Nb6 21. Nxb6 cxb6 22. b3 e5 23. Bxe5 Bxe5 24. Nxe5 Be8 25. Bg4 f6 26. Nd7 c5 27. Nxf6+ Kf7 28. Nxh7 b5 29. Ng5+ Kf6 30. Nf3 c4 31. e5+ Kf7 32. Ng5+ Kg7 33. bxc4 bxc4 34. Ne4 Bc6 35. Nc3 Kf7 36. g3 Be8 37. f4 Ke7 38. Kf2 Bf7 39. Ke3 Kd8 40. Kd4 Kc7 41. Bf3 Kb6 42. Bd5 Be8 {Black resigns} 1-0

[Event "FICS rated blitz game"]
[Site "FICS freechess.org"]
[FICSGamesDBGameNo "20000623"]
[White "Omeg"]
[Black "thomson"]
[WhiteElo "1120"]
[BlackElo "1400"]
[WhiteRD "na"]
[BlackRD "na"]
[TimeControl "120+12"]
[Date "1999.05.16"]
[Time "10:17:00"]
[WhiteClock "0:02:00.000"]
[BlackClock "0:02:00.000"]
[ECO "B90"]
[PlyCount "70"]
[Result "0-1"]

1. e4 c5 2. Nf3 d6 3. d4 cxd4 4. Nxd4 Nf6 5. Nc3 a6 6. Nf3 g6 7. h3 Bg7 8. Bd2 O-O 9. Qc1 Re8 10. Nd5 Nxe4 11. Bc4 Nxd2 12. Nxd2 e6 13. Nf4 d5 14. Be2 e5 15. Nd3 e4 16. Nc5 Qb6 17. Ndb3 Nd7 18. Nxd7 Bxd7 19. O-O Rad8 20. c3 Bf5 21. Bg4 Bxg4 22. hxg4 d4 23. cxd4 Bxd4 24. Nxd4 Rxd4 25. Qe3 Qd6 26. f3 Rd3 27. Qe2 Qd4+ 28. Kh1 e3 29. Rad1 Rd2 30. Rxd2 Qxd2 31. Qxd2 exd2 32. Rd1 Re1+ 33. Rxe1 dxe1=Q+ 34. Kh2 Qe5+ 35. g3 Qxb2+ {White resigns} 0-1